 Dungeon Crawl Stone Soup version 0.24.0-123-gd5b16e6ec5 (webtiles) character file.

Game seed: 104147227367655313, levelgen mode: deterministic

11083 HoboStank the Cleaver (level 11, -3/95 HPs)
             Began as a Hill Orc Fighter on Feb 7, 2020.
             Was an Elder of Qazlal.
             Slain by an eight-headed hydra (5 damage)
             ... while petrified by a basilisk
             ... on level 1 of the Lair of Beasts.
             The game lasted 00:37:20 (9766 turns).

HoboStank the Cleaver (Hill Orc Fighter)            Turns: 9766, Time: 00:37:21

Health: -3/95      AC: 22    Str: 23    XL:     11   Next: 72%
Magic:  11/11      EV:  2    Int:  8    God:    Qazlal [****..]
Gold:   55         SH:  0    Dex: 10    Spells: 10/10 levels left

rFire    . . .     SeeInvis .   a - +4 hand axe (freeze)
rCold    + . .     Gourm    .   c - +0 shield
rNeg     + + +     Faith    .   X - +4 chain mail {rC+}
rPois    ∞         Spirit   .   O - +2 helmet
rElec    .         Reflect  +   q - +2 cloak
rCorr    .         Harm     .   (no gloves)
MR       .....                  H - +0 pair of boots
Stlth    ..........             E - +5 amulet of reflection
HPRegen  0.25/turn              u - +1 ring of evasion
MPRegen  0.12/turn              N - ring of poison resistance

@: petrified, repel missiles
A: no striking features
a: Upheaval, Elemental Force, Renounce Religion


You were on level 1 of the Lair of Beasts.
You worshipped Qazlal.
Qazlal was greatly pleased with you.
You were hungry.

You visited 2 branches of the dungeon, and saw 11 of its levels.
You also visited: Bailey.

You collected 590 gold pieces.
You spent 535 gold pieces at shops.

Inventory:

Hand Weapons
 a - a +4 hand axe of freezing (weapon)
 p - a +3 quarterstaff of chaos
 x - a +2 short sword of speed
 G - a +1 morningstar of venom
Missiles
 C - 26 boomerangs (quivered)
Armour
 c - a +0 shield (worn)
 q - a +2 cloak (worn)
 H - a +0 pair of boots (worn)
 O - a +2 helmet (worn)
 X - a +4 chain mail of cold resistance (worn)
Jewellery
 f - an uncursed amulet of faith
 t - an uncursed amulet of harm
 u - a +1 ring of evasion (left hand)
 E - a +5 amulet of reflection (around neck)
 N - a ring of poison resistance (right hand)
 R - an uncursed ring of resist corrosion
Wands
 e - a wand of polymorph (9)
 v - a wand of flame (13)
 F - a wand of acid (7)
 P - a wand of iceblast (7)
 U - a wand of digging (3)
Scrolls
 b - 7 scrolls of teleportation
 g - 10 scrolls of identify
 i - 9 scrolls of remove curse
 j - 3 scrolls of enchant weapon {unknown}
 k - 2 scrolls of amnesia {unknown}
 r - 2 scrolls of enchant armour {unknown}
 y - 2 scrolls of fog {unknown}
 A - 3 scrolls of magic mapping {unknown}
 D - a scroll of silence {unknown}
 J - a scroll of summoning {unknown}
 K - a scroll of blinking {unknown}
 V - a scroll of holy word {unknown}
 W - a scroll of fear {unknown}
Potions
 d - 2 potions of might
 h - 4 potions of agility
 m - 3 potions of heal wounds
 n - 2 potions of flight
 o - 2 potions of cancellation {unknown}
 s - a potion of lignification {unknown}
 w - 2 potions of curing {unknown}
 z - 6 potions of brilliance {unknown}
 I - 3 potions of resistance {unknown}
 L - 3 potions of magic {unknown}
 M - a potion of haste {unknown}
 S - a potion of invisibility {unknown}
 T - 2 potions of mutation {unknown}
Comestibles
 l - 12 rations


   Skills:
 + Level 8.4 Fighting
 + Level 11.9(13.7) Axes
 + Level 10.0(11.7) Maces & Flails
 + Level 0.6 Throwing
 + Level 7.7 Armour
 + Level 1.7 Dodging
 + Level 1.1 Stealth
 + Level 10.1 Shields


You had 10 spell levels left.
You didn't know any spells.
Your spell library contained the following spells:

 Spells                   Type           Power        Failure   Level  Hunger
 Confusing Touch          Hex            #.....       99%         1    ##.....
 Flame Tongue             Conj/Fire      #....        99%         1    ##.....
 Magic Dart               Conj           #...         99%         1    ##.....
 Blink                    Tloc           N/A          100%        2    ###....
 Call Imp                 Summ           #.......     100%        2    ###....
 Slow                     Hex            #.......     100%        2    ###....
 Throw Flame              Conj/Fire      #.....       100%        2    ###....
 Confuse                  Hex            #.......     100%        3    ####...
 Conjure Flame            Conj/Fire      #.......     100%        3    ####...
 Gell's Gravitas          Tloc           #.........   100%        3    ####...
 Inner Flame              Hex/Fire       #.......     100%        3    ####...
 Mephitic Cloud           Conj/Pois/Air  #.......     100%        3    ####...
 Petrify                  Tmut/Erth      #.......     100%        4    #####..
 Sticky Flame             Conj/Fire      #.......     100%        4    #####..
 Fireball                 Conj/Fire      #.........   100%        5    ######.
 Metabolic Englaciation   Hex/Ice        #.........   100%        5    ######.
 Yara's Violent Unravell  Hex/Tmut       #.........   100%        5    ######.
 Haunt                    Necr/Summ      #.........   100%        7    #######
 Borgnjor's Revivificati  Necr           #.........   100%        8    #######
 Death's Door             Chrm/Necr      #.........   100%        8    #######
 Infestation              Necr           #.........   100%        8    #######
 Necromutation            Tmut/Necr      #.........   100%        8    #######


Dungeon Overview and Level Annotations

Branches:
Dungeon (10/15)            Temple (0/1) D:7            Lair (1/6) D:10
    Orc (0/2) D:9          Bailey (visited)

Altars:
Fedhas
Hepliaklqana
Qazlal
Sif Muna
Uskayaw
Vehumet
Beogh

Shops:
D:10 [

Annotations:
Lair:1 Sonja


Message History

* * * LOW HITPOINT WARNING * * *
The eight-headed hydra bites you.
* * * LOW HITPOINT WARNING * * *
The eight-headed hydra bites you.
* * * LOW HITPOINT WARNING * * *
The eight-headed hydra bites you but does no damage.
The eight-headed hydra bites you.
* * * LOW HITPOINT WARNING * * *
The eight-headed hydra bites you.
* * * LOW HITPOINT WARNING * * *
The eight-headed hydra bites you but does no damage. x3
The eight-headed hydra bites you!
* * * LOW HITPOINT WARNING * * *
The eight-headed hydra bites you but does no damage.
The eight-headed hydra bites you!
* * * LOW HITPOINT WARNING * * *
The eight-headed hydra bites you but does no damage.
The eight-headed hydra bites you but does no damage.
The eight-headed hydra bites you!
You die...

....#....#...♣≈≈≈♣≈
#......#....#...≈≈≈≈≈≈
.#......#....#..≈P≈♣≈≈♣
.............#.≈♣≈≈≈≈≈≈
.#...#$#.....#.≈♣P♣≈≈PP
...............♣≈≈≈≈≈≈≈
.......○.......♣≈≈≈≈≈≈≈
........D.....≈♣♣≈≈≈≈≈≈
......§@.☼....♣≈≈≈≈≈≈≈
.....°..○○....♣♣≈≈≈≈≈≈
.#+.#+###○....♣ ≈≈≈≈≈≈
.. #.....♣ ≈≈≈ #
#.....♣ ≈≈≈ #.....♣
P.....≈≈ ......♣≈


You could see an eight-headed hydra.

Vanquished Creatures
  A yaktaur captain (D:9)
  Harold (D:10)
  A two-headed ogre (D:9)
  Pikel (D:7)
  The ghost of Freitmort the Thaumaturge, a novice DEFE (D:8)
  A komodo dragon (Lair:1)
  A kobold demonologist (D:9)
  A hornet (D:7)
  A slime creature (D:9)
  2 hippogriffs
  A wraith (D:8)
  6 yaks (Lair:1)
  A basilisk (Lair:1)
  A hungry ghost (D:6)
  A steam dragon (D:10)
  A water moccasin (D:6)
  3 porcupines (D:10)
  3 orc warriors
  A slave (D:7)
  5 sky beasts
  2 ice beasts
  2 phantoms (D:8)
  A black bear (D:8)
  3 ogres
  7 centaurs
  A big kobold (D:7)
  Blork the orc (D:4)
  4 bullfrogs
  5 scorpions
  8 wights (D:9)
  2 howler monkeys
  7 crimson imps
  A centaur zombie (D:7)
  A bullfrog zombie (D:9)
  4 jellies
  A quasit (D:10)
  4 hounds
  5 orc priests
  14 orc wizards
  A gnoll shaman (D:6)
  A bullfrog skeleton (D:8)
  A centaur skeleton (D:5)
  Crazy Yiuf (D:2)
  Jessica (D:2)
  10 worker ants
  A killer bee zombie (D:9)
  A mummy (D:8)
  2 worker ant zombies
  12 gnolls
  7 adders
  4 shadow imps (D:8)
  5 oozes (D:8)
  2 adder zombies
  An adder skeleton (D:9)
  A worm (D:2)
  A dart slug (D:2)
  7 leopard geckos
  35 orcs
  5 bats
  8 giant cockroaches
  10 goblins
  13 hobgoblins
  5 jackals (D:1)
  13 kobolds
  4 quokkas
  A ball python (D:2)
  8 frilled lizards
  A jackal skeleton (D:4)
  A jackal zombie (D:7)
  A leopard gecko skeleton (D:6)
  A quokka skeleton (D:4)
  12 rats
  A fungus (D:10)
285 creatures vanquished.

Vanquished Creatures (others)
  A sky beast (D:7)
  A slave (D:7)
  A centaur (D:9)
  An orc priest (D:7)
  2 orcs (D:7)
  9 kobolds
  2 plants (Lair:1)
17 creatures vanquished.

Grand Total: 302 creatures vanquished

Notes
Turn   | Place    | Note
-------+----------+-------------------------------------------
     0 | D:1      | HoboStank the Hill Orc Fighter began the quest for the Orb.
     0 | D:1      | Reached XP level 1. HP: 19/19 MP: 1/1
    92 | D:1      | Reached XP level 2. HP: 24/27 MP: 2/2
   495 | D:1      | Reached skill level 3 in Axes
   501 | D:1      | Reached XP level 3. HP: 33/33 MP: 3/3
  1123 | D:2      | Reached XP level 4. HP: 29/40 MP: 4/4
  1128 | D:2      | Reached skill level 4 in Axes
  1364 | D:2      | Found a runed translucent door.
  1365 | D:2      | Noticed Crazy Yiuf
  1373 | D:2      | Killed Crazy Yiuf
  1373 | D:2      | Reached XP level 5. HP: 14/46 MP: 5/5
  1745 | D:2      | Found a blossoming altar of Fedhas.
  1745 | D:2      | Noticed Jessica
  1766 | D:2      | Killed Jessica
  1766 | D:2      | Reached skill level 5 in Axes
  2307 | D:3      | Reached XP level 6. HP: 46/53 MP: 6/6
  2599 | D:3      | You fall into a shaft and drop 1 floor!
  2600 | D:4      | Noticed Blork the orc
  2601 | D:4      | Reached skill level 6 in Axes
  2611 | D:4      | Killed Blork the orc
  2797 | D:4      | Reached skill level 5 in Fighting
  2957 | D:4      | Reached skill level 7 in Axes
  2957 | D:4      | Reached XP level 7. HP: 61/61 MP: 7/7
  3060 | D:4      | Reached skill level 8 in Axes
  3506 | D:5      | Entered Level 5 of the Dungeon
  3715 | D:5      | Reached skill level 5 in Shields
  3725 | D:5      | Reached skill level 9 in Axes
  3752 | D:5      | Reached XP level 8. HP: 51/69 MP: 8/8
  4178 | D:5      | Reached skill level 10 in Axes
  4432 | D:6      | Reached skill level 1 in Maces & Flails
  4438 | D:6      | Reached skill level 1 in Dodging
  4474 | D:6      | Reached skill level 5 in Armour
  4561 | D:6      | Found a stormy altar of Qazlal.
  4563 | D:6      | Noticed an air elemental
  4564 | D:6      | Noticed a water elemental
  4580 | D:6      | Became a worshipper of Qazlal Stormbringer
  4678 | D:6      | Reached XP level 9. HP: 75/75 MP: 9/9
  5374 | D:7      | Noticed a hornet
  5414 | D:7      | Killed a hornet
  5421 | D:7      | Found a radiant altar of Vehumet.
  5468 | D:7      | Reached skill level 5 in Maces & Flails
  5553 | D:7      | Noticed Pikel
  5582 | D:7      | Killed Pikel
  5582 | D:7      | Reached * piety under Qazlal
  5878 | D:7      | Found a staircase to the Ecumenical Temple.
  5902 | D:7      | Found a stormy altar of Qazlal.
  5903 | D:7      | Reached XP level 10. HP: 80/84 MP: 10/10
  5969 | D:7      | Found a hide-covered altar of Uskayaw.
  5969 | D:7      | Noticed a +0 hand axe
  5969 | D:7      | Noticed a +0 hand axe
  6031 | D:7      | Found a flagged portal.
  6056 | Bailey   | Entered a bailey
  6061 | Bailey   | Noticed an orc warlord
  6208 | Bailey   | Found a runed translucent gate.
  6210 | Bailey   | Found a runed translucent gate.
  6212 | Bailey   | Found a runed translucent gate.
  6807 | D:8      | Found a transporter.
  6848 | D:8      | Noticed Freitmort's ghost (novice DEFE)
  6853 | D:8      | Reached ** piety under Qazlal
  7272 | D:8      | Found a transporter.
  7315 | D:8      | Killed Freitmort's ghost
  8191 | D:9      | Found a hazy altar of Hepliaklqana.
  8191 | D:9      | Found a shimmering blue altar of Sif Muna.
  8361 | D:9      | Reached *** piety under Qazlal
  8427 | D:9      | Found a staircase to the Orcish Mines.
  8550 | D:9      | Found a roughly hewn altar of Beogh.
  8604 | D:9      | Noticed a yaktaur captain
  8604 | D:9      | Noticed a two-headed ogre
  8627 | D:9      | Killed a two-headed ogre
  8627 | D:9      | Reached XP level 11. HP: 39/94 MP: 11/11
  8632 | D:9      | Killed a yaktaur captain
  8632 | D:9      | Reached skill level 10 in Maces & Flails
  8981 | D:10     | Entered Level 10 of the Dungeon
  9058 | D:10     | Found a staircase to the Lair.
  9074 | D:10     | Reached skill level 11 in Axes
  9182 | D:10     | Noticed Harold
  9201 | D:10     | Killed Harold
  9367 | D:10     | Found Dotrifel's Armour Emporium.
  9379 | D:10     | Bought a +4 chain mail of cold resistance for 535 gold
                  | pieces
  9698 | Lair:1   | Entered Level 1 of the Lair of Beasts
  9698 | Lair:1   | Noticed Sonja
  9718 | Lair:1   | Reached skill level 1 in Stealth
  9721 | Lair:1   | Reached skill level 10 in Shields
  9743 | Lair:1   | Noticed a seven-headed hydra
  9760 | Lair:1   | Reached **** piety under Qazlal
  9765 | Lair:1   | HP: 2/95 [eight-headed hydra (4)]
  9766 | Lair:1   | Slain by an eight-headed hydra

Levels and vault maps discovered:
D:1:      dpeg_arrival_long_road, layout_basic, minmay_misc_feat_doors
D:2:      layout_loops_ring, overflow_temple_1_default, uniq_crazy_yiuf_cottage,
          uniq_jessica
D:3:      layout_basic, first_ration, corexii_corridor_pit
D:4:      layout_basic, uniq_blork_the_orc
D:5:      layout_gridville, grunt_decor_arrowhead
D:6:      layout_basic, nicolae_qazlal_style_of_elements
D:7:      layout_rooms, overflow_temple_1_default, fiery_altar_vehumet,
          dancing_weapons_uskayaw, temple_doors_ab, enter_bailey_7, uniq_pikel
D:8:      layout_rooms, gammafunk_ghost_mausoleum,
          hangedman_little_slice_of_home
D:9:      layout_big_octagon, gammafunk_temple_overflow_wave,
          minmay_orc_entry_temple_small, minmay_evil_grid
D:10:     layout_roguey, grunt_lair_entry_orc_guard_hut, serial_shops,
          nicolae_shop_crystal, ebering_dispersal_statue_hall, uniq_harold
Lair:1:   cheibrodos_lair_river_kwai, layout_regular_city,
          gammafunk_ghost_necromancy, serial_bayou_lake_a,
          minmay_lair_oklob_chamber, uniq_sonja

Skill      XL: |  1  2  3  4  5  6  7  8  9 10 11 |
---------------+----------------------------------+-----
Fighting       | 4 5 6 7 8 |  8.4
Axes           | 3 4 5 7 9 10 11 | 11.9
Shields        | 4 5 6 7 9 10 | 10.1
Armour         | 4 5 6 7 |  7.7
Maces & Flails | 3 6 9 10 | 10.0
Dodging        | 1 |  1.7
Stealth        | 1 |  1.1
Throwing       | |  0.6

Action                   |  1- 3 |  4- 6 |  7- 9 | 10-12 || total
-------------------------+-------+-------+-------+-------++-------
Melee: War axe           |   146 |   190 |   104 |       ||   440
       Morningstar       |       |       |   197 |   245 ||   442
       Hand axe          |       |       |       |   212 ||   212
Throw: Boomerang         |       |       |       |    14 ||    14
Evoke: Wand              |       |     1 |       |       ||     1
  Use: Scroll            |       |       |     4 |     6 ||    10
       Potion            |       |       |       |     4 ||     4
 Stab: Sleeping          |       |       |       |     2 ||     2
  Eat: Ration            |     1 |     1 |     5 |     3 ||    10
Armor: Chain mail        |    99 |   124 |   135 |    91 ||   449
       Scale mail        |     4 |       |       |       ||     4
       Plate armour      |       |       |       |    63 ||    63
Dodge: Dodged            |    33 |    33 |    55 |    66 ||   187
Block: Shield            |   100 |    87 |   194 |   382 ||   763
       Reflection        |       |       |    10 |    63 ||    73
